 Dungeon Crawl Stone Soup version 0.28.0-43-g3370ac3207 (webtiles) character file.

Game seed: 17095140536260741353

3116 sking99 the Zephyrmancer (level 9, -6/67 HPs)
             Began as an Octopode Air Elementalist on Mar 15, 2022.
             Was a Believer of Ashenzari.
             Mangled by a troll (7 damage)
             ... on level 8 of the Dungeon.
             The game lasted 00:30:58 (12076 turns).

sking99 the Zephyrmancer (OpAE)                    Turns: 12076, Time: 00:30:59

Health: -6/67      AC:  1    Str:  7    XL:     9   Next: 91%
Magic:  14/24      EV: 17    Int: 21    God:    Ashenzari [**....]
Gold:   364        SH:  6    Dex: 13    Spells: 5/17 levels left

rFire   . . .      SeeInvis +   l - +1 dagger of Panopticon {venom, Fort, Evo} (curse)
rCold   . . .      Faith    .   e - +1 buckler
rNeg    . . .      Spirit   .   (helmet restricted)
rPois   .          Reflect  .   d - amulet "Bound Cynicism" {Regen+, Bglg, Self} (curse)
rElec   .          Harm     .   n - ring of Ouranomancy {MP+9, Bglg, Comp} (curse)
rCorr   .          Rampage  .   c - ring of Ashenzari's Portent {Will+ EV+4, Cun, Self} (curse)
Will    +....                   (no ring)
Stlth   +++.......              (no ring)
HPRegen 1.01/turn               (no ring)
MPRegen 0.19/turn               (no ring)
                                (no ring)
                                (no ring)

@: hasted, very quick
A: almost no armour, amphibious, 8 rings, camouflage 1, gelatinous body 1,
(nimble swimmer 1), tentacles
a: Renounce Religion, Shatter the Chains


You were on level 8 of the Dungeon.
You worshipped Ashenzari.
Ashenzari was pleased with you.
You visited 1 branch of the dungeon, and saw 8 of its levels.
You also visited: Bailey.

You collected 364 gold pieces.

Inventory:

Hand Weapons
 l - the cursed +1 dagger of Panopticon (weapon) {venom, Fort, Evo}
   (You took it off a goblin on level 3 of the Dungeon)

   It poisons the flesh of those it strikes.
   It has a curse which improves the following skills: Fortitude: Shields.
   Evocations: Evocations.
Armour
 b - a +0 kite shield
 e - a +1 buckler (worn)
Jewellery
 c - the cursed ring of Ashenzari's Portent (right tentacle) {Will+ EV+4, Cun, Self}
   (You acquired it on level 4 of the Dungeon)

   [ring of evasion]

   EV:        It affects your evasion (+4).
   Will:      It increases your willpower.
   It has a curse which improves the following skills: Cunning: Dodging and
   Stealth.
   Introspection: Fighting and Spellcasting.
 d - the cursed amulet "Bound Cynicism" (around mantle) {Regen+, Bglg, Self}
   (You found it on level 1 of the Dungeon)

   [amulet of regeneration]

   Regen:     It increases your rate of health regeneration.
   It has a curse which improves the following skills: Beguiling: Conjurations,
   Hexes and Translocations.
   Introspection: Fighting and Spellcasting.
 n - the cursed ring of Ouranomancy (left tentacle) {MP+9, Bglg, Comp}
   (You found it on level 3 of the Dungeon)

   [ring of magical power]

   MP:        It affects your magic capacity (+9).
   It has a curse which improves the following skills: Beguiling: Conjurations,
   Hexes and Translocations.
   Companions: Summonings and Necromancy.
Wands
 k - a wand of iceblast (15)
 r - a wand of flame (1)
 s - a wand of mindburst (18)
Scrolls
 a - 4 scrolls of enchant armour
 i - a scroll of brand weapon
 m - 2 scrolls of fear
 q - a scroll of fog
 w - a scroll of amnesia
 x - a scroll of enchant weapon
Potions
 f - 6 potions of heal wounds
 g - 2 potions of cancellation
 h - a potion of berserk rage
 j - 2 potions of mutation
 o - 5 potions of haste
 p - 2 potions of curing
 t - a potion of might
 u - 4 potions of magic
 v - 3 potions of invisibility
 z - a potion of brilliance


   Skills:
 + Level 6.5(8.4) Fighting
 + Level 2.0(3.0) Dodging
 - Level 3.0(4.1) Stealth
 + Level 4.9(6.1) Shields
 - Level 3.0(4.6) Spellcasting
 - Level 2.9(4.5) Conjurations
 + Level 10.0 Air Magic
 - Level 3.0 Poison Magic


You had 5 spell levels left.
You knew the following spells:

 Your Spells              Type           Power      Damage    Failure   Level
a - Shock                 Conj/Air       100%       1d9       1%          1
b - Static Discharge      Conj/Air       35%        N/A       1%          2
c - Airstrike             Air            23%        N/A       2%          4
d - Poisonous Vapours     Pois/Air       64%        N/A       1%          2
e - Swiftness             Air            46%        N/A       1%          3

Your spell library contained the following spells:

 Spells                   Type           Power      Damage    Failure   Level
 Corpse Rot               Necr/Air       52%        N/A       2%          2
 Slow                     Hex            20%        N/A       13%         1
 Summon Small Mammal      Summ           20%        N/A       14%         1
 Confusing Touch          Hex            5%         N/A       36%         3
 Summon Guardian Golem    Hex/Summ       5%         N/A       36%         3
 Call Canine Familiar     Summ           5%         N/A       38%         3
 Vampiric Draining        Necr           5%         2d6       38%         3


Dungeon Overview and Level Annotations

Branches:
Dungeon (8/15)             Temple (0/1) D:5          Bailey (visited)
   Lair: D:8-11

Altars:
Ashenzari
Cheibriados
Kikubaaqudgha
Makhleb
Qazlal
Trog
Uskayaw
Wu Jian
Xom
The Shining One

Shops:
D:2 (   D:5 *:

Annotations:
D:6 2 runed translucent doors, sdsfil's ghost, novice MiFi


Innate Abilities, Weirdness & Mutations

You cannot wear most types of armour.
You are amphibious.
You can wear up to eight rings at the same time.
Your skin changes colour to match your surroundings (Stealth+).
Your rubbery body absorbs attacks. (AC +1, EV +1)
((You are camouflaged when in or above water. (Stealth+)))
You have tentacles for arms and can constrict up to eight enemies at once.


Message History

Poisonous vapours surround the troll!
The troll looks as sick as possible!
The troll bites you. The troll misses you. The troll claws you!
The bullfrog hits you. The troll misses you. The troll claws you!
The troll barely misses you. The bullfrog completely misses you.
You block the bullfrog's attack. You block the troll's attack.
The troll claws you! You block the troll's attack.
The bullfrog completely misses you.
Casting: Poisonous Vapours (safe; 1% risk of failure)
Confirm with . or Enter, or press ? or * to list all spells.
Aiming: Airstrike (dangerous; 2% risk of failure)
Press: ? - help, Dir - move target, f/p - troll
Aim: a troll (lightly wounded, very poisoned, empty space bonus: 6/8)
The air twists around and strikes the troll!
The troll is heavily wounded.
The bullfrog hits you. You block the bullfrog's attack.
The troll closely misses you. The troll completely misses you.
The troll claws you! The bullfrog hits you.
* * * LOW HITPOINT WARNING * * *
You see here 24 arrows.
Casting: Airstrike (dangerous; 2% risk of failure)
Confirm with . or Enter, or press ? or * to list all spells.
Aiming: Airstrike (dangerous; 2% risk of failure)
Press: ? - help, Dir - move target, f/p - troll
Aim: a troll (severely wounded, very poisoned, empty space bonus: 6/8)
The air twists around and strikes the troll!
The troll is almost dead.
The bullfrog hits you.
* * * LOW HITPOINT WARNING * * *
The elephant closely misses you. You block the elephant's attack.
The bullfrog hits you.
* * * LOW HITPOINT WARNING * * *
You feel yourself speed up. You block the bullfrog's attack.
The elephant tramples you!
* * * LOW HITPOINT WARNING * * *
You hold your ground!
The elephant trunk-slaps you.
* * * LOW HITPOINT WARNING * * *
The troll closely misses you. The troll claws you!
You die...

, ♣.♣..$.####...♣.# .
♣.♣P....'..#P...♣#... *
♣.♣....#(.+....♣.... ,
♣♣.....####......... * ,
♣..P..........♣..### *,
♣..###...P.......#
♣.P.*{#..⌠.......## P...
#YFT.......#
....#+#.@......♣.# * *
P..P....P.###.P.♣ ### , ,
♣.........#.#..♣♣ #..
♣P..#....P#'#.♣P♣ #.. *
♣....#.........P♣ #..
P♣♣...#........♣# #..
,,♣P.P...........######..
, . ,
,........#'#.♣P..##..'..
, ..
..P♣....#.#..♣..##.##..


You could see an elephant, a troll (very poisoned) and a bullfrog.

Vanquished Creatures
  A troll (D:8)
  Prince Ribbit (D:7)
  A wyvern (D:7)
  A black bear (D:7)
  3 orc warriors
  A sky beast (D:5)
  3 necrophages
  An ice beast (D:5)
  An ogre (D:7)
  A centaur (D:6)
  A phantom (D:5)
  A kobold brigand (D:7)
  3 bullfrogs
  2 scorpions
  A water moccasin skeleton (D:2)
  2 howler monkeys
  5 jellies
  4 orc priests
  A centaur zombie (D:7)
  2 hounds (D:5)
  2 bullfrog skeletons
  6 orc wizards
  3 iguanas
  2 killer bee zombies
  3 howler monkey zombies
  9 gnolls (Bailey)
  5 adders
  A white imp (D:5)
  An ufetubus (D:6)
  A worm (D:2)
  30 orcs
  9 ball pythons
  5 endoplasms
  5 giant cockroaches
  14 goblins
  5 hobgoblins
  3 jackals (D:1)
  11 kobolds
  7 quokkas
  7 bats
  A frilled lizard (D:1)
  A rat (D:3)
167 creatures vanquished.

Vanquished Creatures (others)
  A human (D:5)
  An orc wizard (D:3)
  A plant (D:8)
3 creatures vanquished.

Grand Total: 170 creatures vanquished

Notes
Turn   | Place    | Note
-------+----------+-------------------------------------------
     0 | D:1      | sking99 the Octopode Air Elementalist began the quest for
                  | the Orb.
     0 | D:1      | Reached XP level 1. HP: 11/11 MP: 3/3
   306 | D:1      | Reached XP level 2. HP: 18/18 MP: 0/5
   462 | D:1      | Found a faded altar of an unknown god.
   974 | D:1      | Reached XP level 3. HP: 22/22 MP: 4/6
  1367 | D:2      | Found Doputag's Antique Weapon Boutique.
  1598 | D:2      | Learned a level 2 spell: Static Discharge
  1652 | D:2      | Learned a level 3 spell: Swiftness
  1948 | D:2      | Reached skill level 1 in Fighting
  1948 | D:2      | Reached skill level 1 in Shields
  1948 | D:2      | Reached XP level 4. HP: 21/28 MP: 0/7
  2774 | D:3      | Reached skill level 4 in Air Magic
  2808 | D:3      | Reached XP level 5. HP: 26/33 MP: 8/8
  3158 | D:3      | Found a glowing golden altar of the Shining One.
  4203 | D:2      | Found Doputag's Antique Weapon Boutique.
  5317 | D:4      | Identified a scroll of acquirement
  5317 | D:4      | Acquired the ring "Emodiug" {Will+ EV+4}
  5434 | D:4      | Reached XP level 6. HP: 39/39 MP: 10/10
  5864 | D:4      | Found a bloodstained altar of Trog.
  5864 | D:4      | Found a burning altar of Makhleb.
  5889 | D:4      | Found an ornate altar of the Wu Jian Council.
  5891 | D:4      | Found a snail-covered altar of Cheibriados.
  5893 | D:4      | Found a broken altar of Ashenzari.
  5971 | D:4      | Found a stormy altar of Qazlal.
  6276 | D:4      | Reached skill level 5 in Air Magic
  6434 | D:4      | Reached XP level 7. HP: 25/45 MP: 11/11
  6503 | D:4      | Found an ancient bone altar of Kikubaaqudgha.
  6505 | D:4      | Found a shimmering altar of Xom.
  6505 | D:4      | Found a shimmering altar of Xom.
  6507 | D:4      | Found a hazy altar of Hepliaklqana.
  6507 | D:4      | Found a burning altar of Makhleb.
  6507 | D:4      | Found an opulent altar of Gozag.
  6756 | D:4      | Became a worshipper of Ashenzari the Shackled
  6777 | D:5      | Entered Level 5 of the Dungeon
  6779 | D:5      | Found a staircase to the Ecumenical Temple.
  7062 | D:5      | Reached skill level 6 in Air Magic
  7214 | D:5      | Learned a level 2 spell: Poisonous Vapours
  7223 | D:5      | Found Vujis's Gadget Gallery.
  7240 | D:5      | Found Jal Tur's Book Boutique.
  7256 | D:5      | Reached XP level 8. HP: 49/53 MP: 12/12
  7299 | D:5      | Found an ancient bone altar of Kikubaaqudgha.
  7361 | D:5      | Reached skill level 1 in Poison Magic
  7617 | D:6      | Learned a level 4 spell: Airstrike
  7910 | D:6      | Reached skill level 7 in Air Magic
  8678 | D:6      | Reached * piety under Ashenzari
  8820 | D:6      | Found a large runed translucent door.
  8820 | D:6      | Found a large runed translucent door.
  8823 | D:6      | Noticed sdsfil's ghost (novice MiFi)
  9060 | D:7      | Found a flagged portal.
  9114 | Bailey   | Entered a bailey
  9363 | Bailey   | Reached XP level 9. HP: 61/61 MP: 14/14
  9631 | Bailey   | Reached skill level 8 in Air Magic
  9828 | D:7      | Identified the +5 ring mail "Momayb" {rPois Dex+2 Slay+2}
  9956 | D:7      | Reached skill level 5 in Fighting
 10509 | D:7      | Reached skill level 9 in Air Magic
 10549 | D:7      | Noticed a +0 dagger
 10550 | D:7      | Noticed a +0 hand axe
 10551 | D:7      | Found a hide-covered altar of Uskayaw.
 11069 | D:7      | Noticed Prince Ribbit
 11073 | D:7      | Killed Prince Ribbit
 11907 | D:8      | Noticed a troll
 11913 | D:8      | Killed a troll
 11914 | D:8      | Reached skill level 10 in Air Magic
 12002 | D:8      | Reached ** piety under Ashenzari
 12060 | D:8      | Noticed an elephant
 12062 | D:8      | Noticed a troll
 12076 | D:8      | HP: 2/67 [elephant (9)]
 12076 | D:8      | Mangled by a troll

Illustrated notes

Levels and vault maps discovered:
D:1:      lemuel_arrival_funnel, layout_basic, basic_ecumenical_altar,
          hex_intersection
D:2:      layout_loops_ring, serial_shops, nicolae_diamond_shop,
          chequers_decorated_corner
D:3:      layout_basic, lemuel_tele_altar
D:4:      layout_basic, general_overflow_altar, doesnt_xom_only_xom,
          chequers_temple_overflow_minitemple, serial_forest,
          infiniplex_forest_straight_3, infiniplex_forest_lined_4_way,
          infiniplex_forest_lined_3_way, infiniplex_forest_pool,
          infiniplex_forest_end_1, infiniplex_forest_corner_1,
          infiniplex_forest_corner_1
D:5:      layout_rooms, tgw_kikubaaqudgha, minmay_temple_entry_wispy,
          serial_shops, nicolae_shop_hallway_plus, nicolae_shop_gadgets
D:6:      layout_layer_cave, ebering_ghost_disaster_area
D:7:      layout_loops_corners, dancing_weapons_uskayaw, enter_bailey_5,
          uniq_prince_ribbit1
D:8:      wad_woods_settlement, layout_basic

Skill      XL: |  1  2  3  4  5  6  7  8  9 |
---------------+----------------------------+-----
Stealth        | 3 |  3.0
Fighting       | 1 2 3 4 6 |  6.5
Shields        | 1 2 3 4 |  4.9
Air Magic      | 4 5 6 7 10 | 10.0
Conjurations   | 2 |  2.9
Spellcasting   | 3 |  3.0
Poison Magic   | 3 |  3.0
Dodging        | |  2.0

Action                   |  1- 3 |  4- 6 |  7- 9 || total
-------------------------+-------+-------+-------++-------
Melee: Unarmed           |     2 |       |       ||     2
       Tentacles         |     1 |       |     4 ||     5
       Constrict         |     1 |       |     2 ||     3
       Dagger            |       |     2 |    16 ||    18
       Punch             |       |       |     1 ||     1
 Cast: Shock             |    69 |   123 |   165 ||   357
       Static Discharge  |       |       |     1 ||     1
       Airstrike         |       |       |    63 ||    63
       Swiftness         |       |       |     1 ||     1
       Poisonous Vapours |       |       |     5 ||     5
Invok: Curse Item        |       |       |     4 ||     4
  Use: Scroll            |       |    10 |       ||    10
       Potion            |       |       |     1 ||     1
 Stab: Sleeping          |       |       |     1 ||     1
Armor: Skin              |     1 |     1 |     3 ||     5
Dodge: Dodged            |     2 |     9 |    45 ||    56
Block: Buckler           |       |     5 |    29 ||    34
